 Dungeon Crawl Stone Soup version 0.22-b1-21-g5cfc168 (webtiles) character file.

353 dracos369 the Insei (level 6, -3/38 HPs)
             Began as an Octopode Transmuter on Aug 3, 2018.
             Was a Follower of Elyvilon.
             Slain by an ogre
             ... wielding a +0 giant club
              (10 damage)
             ... on level 4 of the Dungeon.
             The game lasted 00:11:24 (2585 turns).

dracos369 the Insei (Octopode Transmuter)           Turns: 2585, Time: 00:11:24

Health: -3/38      AC:  1    Str: 13    XL:     6   Next: 62%
Magic:  8/9        EV: 13    Int: 16    God:    Elyvilon [*.....]
Gold:   218        SH:  0    Dex: 13    Spells: 3/9 levels left

rFire    . . .     SeeInvis .     - Unarmed
rCold    . . .     Gourm    .   (no shield)
rNeg     . . .     Faith    .   (helmet restricted)
rPois    .         Spirit   .   (no amulet)
rElec    .         Reflect  .   i - +3 ring of strength
rCorr    .         Harm     .   h - ring of stealth
MR       .....                  (no ring)
Stlth    ++++......             (no ring)
HPRegen  0.12/turn              (no ring)
MPRegen  0.11/turn              (no ring)
                                (no ring)
                                (no ring)

@: no status effects
A: almost no armour, stealthy swim, amphibious, 8 rings, constrict 8, camouflage
1, gelatinous body 1
a: Lesser Healing, Divine Protection, Renounce Religion


You were on level 4 of the Dungeon.
You worshipped Elyvilon.
Elyvilon was aware of your devotion.
You were not hungry.

You visited 2 branches of the dungeon, and saw 5 of its levels.

You collected 218 gold pieces.

Inventory:

Missiles
 a - 28 arrows
Jewellery
 h - a ring of stealth (right tentacle)
 i - a +3 ring of strength (left tentacle)
Scrolls
 e - 6 scrolls of identify {unknown}
 j - 2 scrolls of amnesia {unknown}
 k - a scroll of teleportation {unknown}
 l - 2 scrolls of magic mapping {unknown}
 m - 2 scrolls of immolation {unknown}
 n - a scroll of enchant armour {unknown}
 p - a scroll of remove curse {unknown}
Potions
 b - a potion of curing {unknown}
 d - a potion of lignification {unknown}
 f - a potion of heal wounds {unknown}
 g - a potion of berserk rage {unknown}
Comestibles
 c - 3 rations
 o - a chunk of flesh


   Skills:
 - Level 1.0 Fighting
 - Level 2.1 Dodging
 - Level 1.0 Stealth
 - Level 5.0 Unarmed Combat
 - Level 2.3 Spellcasting
 * Level 4.6 Transmutations
 + Level 2.3 Poison Magic


You had 3 spell levels left.
You knew the following spells:

 Your Spells              Type           Power        Failure   Level  Hunger
a - Beastly Appendage     Tmut           ###...       3%          1    #......
p - Spider Form           Tmut/Pois      ##........   14%         3    ###....
s - Sticks to Snakes      Tmut           ###.....     4%          2    ###....

Your spell library contained the following spells:

 Spells                   Type           Power        Failure   Level  Hunger
 Blade Hands              Tmut           ###.......   63%         5    ######.
 Ice Form                 Ice/Tmut       #.......     61%         4    #####..


Dungeon Overview and Level Annotations

Branches:
Dungeon (4/15)             Temple (1/1) D:4

Altars:
Cheibriados
Dithmenos
Elyvilon
Gozag
Hepliaklqana
Kikubaaqudgha
Makhleb
Ru
Sif Muna
Trog
Uskayaw
Vehumet
Xom
Yredelemnul
Zin
The Shining One


Innate Abilities, Weirdness & Mutations

You cannot wear most types of armour.
You are very stealthy in the water. (Stealth+)
You are amphibious.
You can wear up to eight rings at the same time.
You can use your tentacles to constrict eight enemies at once.
Your skin changes colour to match your surroundings (Stealth+).
Your rubbery body absorbs attacks. (AC +1, EV +1)


Message History

p - a scroll labeled ZAMEUHUREPH
Found a stone staircase leading down.
Found 22 bolts.
Found a helmet.
You now have 218 gold pieces (gained 6).
Found an opulent altar of Gozag.
An ogre comes into view. It is wielding a giant club.
The ogre hits you with a giant club! The ogre misses you.
You bludgeon the ogre! Your squeeze misses the ogre.
The ogre is moderately wounded.
You tentacle-slap the ogre.
The ogre is moderately wounded.
The ogre hits you with a giant club!!
Ouch! That really hurt!
* * * LOW HITPOINT WARNING * * *
You are too injured to fight recklessly!
You are healed.
You feel somewhat more hungry. The ogre hits you with a giant club!
You die...

## ##. .### ... ...##
###.###..#
##.....##.########
#.8...8.#........###
#.......#..........#####
...._..@.........#..##..
#......O#..###.####.#...
#.8...8.#.## #...##.....
##.....##.# ###.....[..
###.## ..# #####..(. #.
.$## #.... # ### #....
##... ##...


You could see an ogre.

Vanquished Creatures
  An oklob sapling (D:4)
  A howler monkey (D:4)
  An orc priest (D:3)
  An orc wizard (D:3)
  Jessica (D:2)
  A worker ant (D:4)
  7 adders
  4 oozes (D:1)
  2 adder skeletons (D:4)
  A worm (D:2)
  2 dart slugs
  4 leopard geckos
  3 orcs (D:3)
  A ball python (D:1)
  3 giant cockroaches
  7 goblins
  6 hobgoblins
  5 jackals
  4 kobolds
  8 bats
  A frilled lizard (D:3)
  A quokka skeleton (D:4)
  11 rats
  A plant (D:4)
77 creatures vanquished.

Notes
Turn   | Place    | Note
-------+----------+-------------------------------------------
     0 | D:1      | dracos369 the Octopode Transmuter began the quest for the Orb.
     0 | D:1      | Reached XP level 1. HP: 13/13 MP: 3/3
   115 | D:1      | Reached XP level 2. HP: 18/18 MP: 5/5
   278 | D:1      | Reached XP level 3. HP: 21/23 MP: 4/6
   425 | D:1      | Reached skill level 1 in Stealth
   433 | D:1      | Learned a level 2 spell: Sticks to Snakes
   437 | D:1      | Learned a level 3 spell: Spider Form
   683 | D:1      | Reached skill level 4 in Unarmed Combat
   744 | D:1      | You fall through a shaft!
   764 | D:2      | Reached XP level 4. HP: 28/28 MP: 7/7
   827 | D:2      | Noticed Jessica
   833 | D:2      | Killed Jessica
  1127 | D:2      | Reached XP level 5. HP: 23/33 MP: 8/8
  1412 | D:2      | Found a white marble altar of Elyvilon.
  1412 | D:2      | Found a glowing silver altar of Zin.
  1413 | D:2      | Found a glowing golden altar of the Shining One.
  1514 | D:2      | Became a worshipper of Elyvilon the Healer
  1761 | D:3      | Found a shimmering altar of Xom.
  1925 | D:3      | Found a faded altar of an unknown god.
  1997 | D:3      | Reached skill level 1 in Poison Magic
  1997 | D:3      | Reached XP level 6. HP: 38/38 MP: 6/9
  2075 | D:4      | Found a staircase to the Ecumenical Temple.
  2077 | D:4      | Reached * piety under Elyvilon
  2105 | D:4      | Reached skill level 5 in Unarmed Combat
  2107 | Temple   | Entered the Ecumenical Temple
  2355 | D:4      | Found a radiant altar of Vehumet.
  2578 | D:4      | Found an opulent altar of Gozag.
  2585 | D:4      | Slain by an ogre

Skill      XL: |  1  2  3  4  5  6 |
---------------+-------------------+-----
Stealth        | 1 |  1.0
Unarmed Combat | 4 5 |  5.0
Transmutations | 3 4 |  4.6
Poison Magic   | 1 2 |  2.3
Fighting       | |  1.0
Dodging        | |  2.1
Spellcasting   | |  2.3

Action                   |  1- 3 |  4- 6 || total
-------------------------+-------+-------++-------
Melee: Unarmed           |    65 |   134 ||   199
       Constrict         |    19 |    26 ||    45
       Tentacles         |    11 |    23 ||    34
       Kick              |     7 |     2 ||     9
       Punch             |     1 |     8 ||     9
 Cast: Beastly Appendage |     6 |     3 ||     9
       Spider Form       |       |     2 ||     2
Invok: Lesser Healing    |       |     1 ||     1
 Stab: Sleeping          |    12 |    10 ||    22
  Eat: Chunk             |       |     6 ||     6
Armor: Skin              |     3 |     4 ||     7
Dodge: Dodged            |    37 |    55 ||    92
